 Dungeon Crawl Stone Soup version 0.22.1-2-g9c5b331 (webtiles) character file.

52 Liatris the Chopper (level 3, -17/27 HPs)
             Began as a Demonspawn Gladiator on Dec 26, 2018.
             Engulfed by a cloud of flame (27 damage)
             ... on level 2 of the Dungeon.
             The game lasted 00:07:07 (1049 turns).

Liatris the Chopper (Demonspawn Gladiator)          Turns: 1049, Time: 00:07:09

Health: -17/27     AC:  5    Str: 15    XL:     3   Next: 60%
Magic:  0/3        EV: 13    Int:  9    God:
Gold:   34         SH:  0    Dex: 14    Spells: 2/2 levels left

rFire    . . .     SeeInvis .   a - +0 war axe
rCold    . . .     Gourm    .   (no shield)
rNeg     . . .     Faith    .   b - +0 leather armour
rPois    .         Spirit   +   (helmet restricted)
rElec    .         Reflect  .   e - +1 cloak
rCorr    .         Harm     .   (no gloves)
MR       .....     Clarity  +   (no boots)
Stlth    +.........             (no amulet)
HPRegen  0.09/turn              (no ring)
MPRegen  0.16/turn              (no ring)

@: no status effects
A: antennae 1, clarity, magic shield, magic regeneration
a: no special abilities


You were on level 2 of the Dungeon.
You were not hungry.

You visited 1 branch of the dungeon, and saw 2 of its levels.

You collected 34 gold pieces.

Inventory:

Hand Weapons
 a - a +0 war axe (weapon)
Missiles
 d - 3 throwing nets (quivered)
Armour
 b - a +0 leather armour (worn)
 c - a +0 helmet
 e - a +1 cloak (worn)
Scrolls
 j - a scroll of identify
Comestibles
 f - 3 rations


   Skills:
 + Level 2.1 Fighting
 + Level 3.6 Axes
 + Level 2.0 Throwing
 + Level 0.1 Armour
 + Level 3.1 Dodging
 + Level 0.4 Stealth


You had 2 spell levels left.
You didn't know any spells.
Your spell library was empty.

Dungeon Overview and Level Annotations

Branches:
Dungeon (2/15)

Altars:


Innate Abilities, Weirdness & Mutations

When hurt, damage is shared between your health and your magic reserves.
You regenerate magic rapidly.
You have a pair of small antennae on your head.
You possess an exceptional clarity of mind.


Message History

Found an escape hatch in the ceiling.
Found a stone staircase leading down.
Found 14 arrows.
f - 3 rations (gained 1)
Found a long sword.
A frilled lizard comes into view.
You see here a scroll labeled SIXAET PIBUTASK.
g - a scroll labeled SIXAET PIBUTASK
As you read the scroll labeled SIXAET PIBUTASK, it crumbles to dust.
The creatures around you are filled with an inner flame!
It was a scroll of immolation.
The frilled lizard hisses angrily.
Found a stone staircase leading down.
You hit the frilled lizard.
The frilled lizard explodes!
The fiery explosion engulfs you!
Ouch! That really hurt!
You are engulfed in blazing flames.
Ouch! That really hurt!
You die...

.. ... #. %. . #.### ..
#.. #...##..#... #.....
...# #. ##
#.§§§##..##.. ## ##.
#.§.§....... ... ...
#.§@.###.###..# #
#>..#.........#####
#....##.....).......###
##..##......#######.#..
#.# #.###............#
#. #....(....#.###.###
. .....##.####......# .
..... #.....###.#.#
..... ### #.###.#.##


There were no monsters in sight!

Vanquished Creatures
  2 worms (D:2)
  3 leopard geckos
  A ball python (D:2)
  6 bats
  A giant cockroach (D:2)
  6 hobgoblins (D:1)
  3 jackals (D:2)
  A quokka (D:2)
  4 frilled lizards
  3 goblins (D:1)
  3 kobolds (D:1)
  10 rats
43 creatures vanquished.

Notes
Turn   | Place    | Note
-------+----------+-------------------------------------------
     0 | D:1      | Liatris the Demonspawn Gladiator began the quest for the
                  | Orb.
     0 | D:1      | Reached XP level 1. HP: 16/16 MP: 1/1
   108 | D:1      | Gained mutation: When hurt, damage is shared between your
                  | health and your magic reserves. [demonic ancestry]
   108 | D:1      | Reached XP level 2. HP: 16/22 MP: 2/2
   357 | D:1      | Gained mutation: You have a pair of small antennae on your
                  | head. [potion of mutation]
   357 | D:1      | Gained mutation: You possess an exceptional clarity of
                  | mind. [potion of mutation]
   608 | D:1      | Gained mutation: You regenerate magic rapidly. [demonic
                  | ancestry]
   608 | D:1      | Reached XP level 3. HP: 27/27 MP: 3/3
  1049 | D:2      | Engulfed by a cloud of flame

Skill      XL: |  1  2 |
---------------+-------+-----
Axes           | 3 |  3.6
Dodging        | 3 |  3.1
Throwing       | 2 |  2.0
Fighting       | |  2.1
Armour         | |  0.1
Stealth        | |  0.4

Action                   || total
-------------------------++-------
Melee: War axe           ||   119
  Use: Scroll            ||     3
       Potion            ||     3
 Stab: Sleeping          ||     1
  Eat: Ration            ||     1
Armor: Leather armour    ||    51
Dodge: Dodged            ||   100
